 Dungeon Crawl Stone Soup version 0.29-a0-757-g358383bc75 (webtiles) character file.

Game seed: 14763952881205890899

348 avis the Chiller (level 6, 0/51 HPs)
             Began as a Demigod Ice Elementalist on July 1, 2022.
             Slain by a goblin
             ... wielding a +0 dagger
              (1 damage)
             ... on level 4 of the Dungeon.
             The game lasted 00:24:15 (3155 turns).

avis the Chiller (Demigod Ice Elementalist)         Turns: 3155, Time: 00:24:16

Health: 0/51       AC: 11    Str:  9    XL:     6   Next: 10%
Magic:  9/13       EV: 12    Int: 22    God:
Gold:   229        SH:  0    Dex: 22    Spells: 4/11 levels left

rFire   . . .      SeeInvis .   a - +0 arbalest
rCold   + . .      Faith    .   (shield currently unavailable)
rNeg    . . .      Spirit   .   j - +0 robe {rC+}
rPois   +          Reflect  .   (no helmet)
rElec   .          Harm     .   o - +1 cloak of Autumn {Will- Int+5}
rCorr   .          Rampage  .   (no gloves)
Will    .....                   (no boots)
Stlth   ++........              (no amulet)
HPRegen 0.17/turn               g - ring of poison resistance
MPRegen 0.13/turn               (no ring)

@: ice-armoured
A: high MP 1, forlorn, divine attributes
a: no special abilities


You were on level 4 of the Dungeon.
You visited 1 branch of the dungeon, and saw 5 of its levels.
You also visited: Sewer.

You collected 292 gold pieces.
You spent 63 gold pieces at shops.

Inventory:

Hand Weapons
 a - a +0 arbalest (weapon)
 b - a +2 dagger of speed
 q - a +0 rapier
 r - a +0 quarterstaff
Missiles
 h - 2 javelins
Armour
 j - a +0 robe of cold resistance (worn)
 o - the +1 cloak of Autumn (worn) {Will- Int+5}
   (You found it in a sewer)

   Int:       It affects your intelligence (+5).
   Will:      It decreases your willpower.
Jewellery
 g - a ring of poison resistance (left hand)
Wands
 m - a wand of polymorph (5)
Scrolls
 k - 2 scrolls of teleportation
 p - a scroll of vulnerability {unknown}
 s - a scroll of noise {unknown}
Potions
 c - a potion of magic
 d - a potion of brilliance {unknown}
 e - a potion of degeneration {unknown}
 f - 3 potions of heal wounds
 i - 2 potions of lignification
 l - 2 potions of curing {unknown}
 n - 4 potions of flight


   Skills:
 - Level 3.0 Fighting
 * Level 2.0 Ranged Weapons
 - Level 1.8 Dodging
 - Level 1.9 Stealth
 - Level 3.0 Spellcasting
 - Level 5.0 Ice Magic


You had 4 spell levels left.
You knew the following spells:

 Your Spells              Type           Power      Damage    Failure   Level
a - Freeze                Ice            100%       1d11      1%          1
o - Ozocubu's Armour      Ice            25%        N/A       4%          3
r - Frozen Ramparts       Ice            50%        1d7       4%          3

Your spell library contained the following spells:

 Spells                   Type           Power      Damage    Failure   Level
 Summon Small Mammal      Summ           12%        N/A       12%         1
 Call Canine Familiar     Summ           3%         N/A       36%         3
 Portal Projectile        Hex/Tloc       6%         N/A       36%         3
 Summon Guardian Golem    Hex/Summ       3%         N/A       36%         3
 Tukima's Dance           Hex            3%         N/A       36%         3
 Hailstorm                Conj/Ice       14%        3d5       41%         4
 Blade Hands              Tmut           1%         N/A       98%         5


Dungeon Overview and Level Annotations

Branches:
Dungeon (5/15)              Sewer (visited)
 Temple: D:4-7

Shops:
D:2 (   D:3 *(


Innate Abilities, Weirdness & Mutations

You have an increased reservoir of magic. (+10% MP)
You shall have no god before yourself.
Your divine heritage dramatically boosts your attributes as you level up.


Message History

Fire: a) +0 arbalest
Press: ? - help, Q - select action, (/) - cycle Shift-Dir - straight line, f/p - black bear
Aim: a black bear (severely wounded, berserk)
You shoot a bolt. The bolt closely misses the black bear.
The hound closely misses you. The black bear bites you!
The black bear claws you but does no damage.
The black bear claws you. The goblin hits you but does no damage.
The hound closely misses you.
An ufetubus comes into view.
The black bear closely misses you. The black bear barely misses you.
The black bear claws you but does no damage.
The ogre misses you. The goblin hits you but does no damage.
The hound barely misses you.
Casting: Ozocubu's Armour (dangerous; 4% risk of failure)
Confirm with . or Enter, or press ? or * to list all spells.
Aiming: Freeze (safe; 1% risk of failure)
Press: ? - help, Shift-Dir - straight line, f/p - black bear
Aim: a black bear (severely wounded, berserk)
You freeze the black bear!
The black bear is almost dead.
The ufetubus shouts!
You hear an angry hiss.
The black bear closely misses you. The black bear barely misses you.
The black bear claws you but does no damage.
The hound bites you but does no damage. The black bear closely misses you.
The black bear completely misses you.
The black bear claws you but does no damage.
The goblin hits you but does no damage.
The ogre hits you with a +0 giant club!!
* * * LOW HITPOINT WARNING * * *
Casting: Freeze (safe; 1% risk of failure)
Confirm with . or Enter, or press ? or * to list all spells.
Aiming: Freeze (safe; 1% risk of failure)
Press: ? - help, Shift-Dir - straight line, f/p - black bear
Aim: a black bear (almost dead, berserk)
You freeze the black bear!
You kill the black bear!
The hound barely misses you.
An adder comes into view.
The goblin hits you with a +0 dagger.
You die...

S# #. .. . #.
.# .###.#### .
.5....... ...
#........
.....##hg.....?
.......@#
##.###O.# #..#
...# ##.## #.
#. ..


You could see an ogre, a hound, an adder, an ufetubus and a goblin.

Vanquished Creatures
  A black bear (D:4)
  A scorpion (D:3)
  A merfolk siren (Sewer)
  An orc wizard (D:3)
  A merfolk avatar (Sewer)
  5 river rats (Sewer)
  8 adders
  A white imp (D:5)
  4 worms
  8 orcs
  3 ball pythons
  5 bats
  2 endoplasms (D:2)
  8 giant cockroaches
  4 goblins
  3 hobgoblins (D:1)
  3 quokkas (D:3)
  6 frilled lizards
  2 kobolds
  24 rats
91 creatures vanquished.

Notes
Turn   | Place    | Note
-------+----------+-------------------------------------------
     0 | D:1      | avis the Demigod Ice Elementalist began the quest for the
                  | Orb.
     0 | D:1      | Reached XP level 1. HP: 14/14 MP: 5/5
   807 | D:2      | Reached skill level 1 in Fighting
   946 | D:2      | Noticed Sigmund
  1228 | D:2      | Reached XP level 2. HP: 15/23 MP: 0/7
  1366 | D:2      | Noticed Sigmund
  1366 | D:2      | Sigmund changed into Sigmund the goblin
  1368 | D:2      | Killed Sigmund the goblin
  1538 | D:2      | Found Mejunes's Weapon Shop.
  1551 | D:2      | Bought a +0 arbalest for 63 gold pieces
  1963 | D:3      | Noticed a scorpion
  1967 | D:3      | Killed a scorpion
  1968 | D:3      | Reached skill level 4 in Ice Magic
  1968 | D:3      | Reached XP level 3. HP: 18/29 MP: 8/8
  1968 | D:3      | Reached XP level 4. HP: 22/36 MP: 9/9
  2226 | D:3      | Found Puruakk's Weapon Shoppe.
  2372 | D:3      | Found a glowing drain.
  2376 | Sewer    | Entered a sewer
  2441 | Sewer    | Reached XP level 5. HP: 45/45 MP: 11/11
  2643 | Sewer    | Learned a level 3 spell: Ozocubu's Armour
  2647 | Sewer    | Learned a level 3 spell: Frozen Ramparts
  2754 | Sewer    | Reached XP level 6. HP: 28/51 MP: 8/13
  2934 | Sewer    | Identified the +1 cloak of Autumn {Will- Int+5}
  2999 | D:3      | Found Qunwiw Myk's Assorted Antiques.
  3046 | D:3      | You fall into a shaft and drop 2 floors!
  3046 | D:5      | Entered Level 5 of the Dungeon
  3113 | D:5      | Reached skill level 5 in Ice Magic
  3154 | D:4      | HP: 1/51 [ogre/+0 giant club (24)]
  3155 | D:4      | Slain by a goblin

Illustrated notes

Levels and vault maps discovered:
D:1:      dpeg_arrival_rooms_c, layout_basic
D:2:      minmay_spotlight, layout_loops_ring, serial_shops,
          nicolae_shop_statue_plus, shapermc_ecumenical_altar_starsandcircs,
          uniq_sigmund
D:3:      layout_loops_ring, slow_altar_2, serial_shops, shop,
          nicolae_shop_behind_doors, nicolae_shop_stone, gup_sewer_entry_spiral,
          minmay_unequal
D:4:      layout_loops_cross, marbit_many_paths, minmay_diced_spiral
D:5:      layout_basic, nemelex_diamond_rough_becter,
          mainiacjoe_overflow_tiny_flanked

Skill      XL: |  1  2  3  4  5  6 |
---------------+-------------------+-----
Fighting       | 1 2 3 |  3.0
Spellcasting   | 2 3 |  3.0
Ice Magic      | 4 5 |  5.0
Ranged Weapons | 2 |  2.0
Dodging        | |  1.8
Stealth        | |  1.9

Action                   |  1- 3 |  4- 6 || total
-------------------------+-------+-------++-------
Melee: Dagger            |    19 |       ||    19
 Fire: Arbalest          |    12 |   143 ||   155
 Cast: Freeze            |    18 |     6 ||    24
       Ozocubu's Armour  |       |     5 ||     5
Evoke: Wand              |     3 |       ||     3
  Use: Scroll            |     2 |     1 ||     3
 Stab: Sleeping          |     4 |       ||     4
Armor: Robe              |     2 |    32 ||    34
Dodge: Dodged            |    20 |   101 ||   121

Table legend: (Time is in decaauts)
 A = Elapsed time spent in this place.
 B = Non-inter-level travel time spent in this place.
 C = Inter-level travel time spent in this place.
 D = Time resting spent in this place.
 E = Time spent auto-exploring this place.
 F = Levels seen in this place.
 G = Mean time per level.
                   A        B        C        D        E       F      G
               +--------+--------+--------+--------+--------+-----+--------+
         Total |   3359 |   3095 |    264 |    664 |   1265 |   6 |  559.8 |
       Dungeon |   2683 |   2419 |    264 |    398 |   1265 |   5 |  536.6 |
         Sewer |    676 |    676 |      0 |    266 |      0 |   1 |  676.0 |
               +--------+--------+--------+--------+--------+-----+--------+

Top non-repeatable levels by time:
     D:1: 1115 daAuts
     D:2: 903 daAuts
   Sewer: 676 daAuts
     D:3: 544 daAuts
     D:5: 107 daAuts
     D:4: 11 daAuts
